 Dungeon Sprint DCSS version 0.23-a0-32-g1388f29 (webtiles) character file.

6593 Kidiri the Eclecticist (level 10, -14/61 HPs)
             Began as a Deep Elf Fire Elementalist on Aug 5, 2018.
             Was the Champion of Vehumet.
             Demolished by a tyrant leech (34 damage)
             ... in the Dungeon (Sprint III: "The Ten Rune Challenge").
             The game lasted 00:09:39 (1864 turns).

Kidiri the Eclecticist (Deep Elf Fire Elementalist) Turns: 1864, Time: 00:09:39

Health: -14/61     AC:  2    Str:  5    XL:     10   Next: 71%
Magic:  20/32      EV: 19    Int: 24    God:    Vehumet [******]
Gold:   45         SH:  0    Dex: 15    Spells: 5/42 levels left

rFire    . . .     SeeInvis .     - Unarmed
rCold    . . .     Gourm    .   (no shield)
rNeg     . . .     Faith    .   a - +0 robe
rPois    .         Spirit   .   (no helmet)
rElec    .         Reflect  .   (no cloak)
rCorr    .         Harm     .   (no gloves)
MR       +....     NoTele   +   (no boots)
Stlth    ++........             (no amulet)
HPRegen  0.20/turn              (no ring)
MPRegen  0.23/turn              (no ring)

@: no status effects
A: evolution 1
a: Renounce Religion


You were in the Dungeon.
You worshipped Vehumet.
Vehumet was exalted by your worship.
You were not hungry.

You visited 1 branch You collected 45 gold pieces.

Inventory:

Armour
 a - a +0 robe (worn)
Scrolls
 l - a scroll of holy word
 n - a scroll of torment
 o - a scroll of remove curse
Potions
 b - a potion of heal wounds
 e - a potion of might
 f - a potion of haste
 g - 2 potions of magic
 h - 2 potions of berserk rage
 k - a potion of mutation
 m - 4 potions of flight
 p - a potion of cancellation
Comestibles
 c - 11 rations
 d - 3 chunks of flesh


   Skills:
 + Level 6.8 Fighting
 + Level 6.7 Armour
 + Level 10.0 Dodging
 - Level 2.4 Stealth
 + Level 6.7 Unarmed Combat
 * Level 16.9 Spellcasting
 + Level 10.6 Conjurations
 + Level 11.2 Fire Magic
 + Level 3.5 Ice Magic
 + Level 4.1 Earth Magic
 + Level 4.6 Poison Magic


You had 5 spell levels left.
You knew the following spells:

 Your Spells              Type           Power        Failure   Level  Hunger
a - Flame Tongue          Conj/Fire      #####        1%          1    None
b - Throw Flame           Conj/Fire      ######       1%          2    None
c - Conjure Flame         Conj/Fire      ######..     1%          3    None
d - Inner Flame           Hex/Fire       #####...     1%          3    None
e - Sticky Flame          Conj/Fire      ######..     1%          4    None
f - Fireball              Conj/Fire      ######....   1%          5    None
g - Ignite Poison         Fire/Tmut/Pois #####...     1%          3    None
h - Stone Arrow           Conj/Erth      ######       1%          3    None
i - Throw Icicle          Conj/Ice       ######..     1%          4    None
j - Lee's Rapid Deconstr  Erth           #####.....   3%          5    None
k - Olgreb's Toxic Radia  Pois           #####...     1%          4    None

Your spell library contained the following spells:

 Spells                   Type           Power        Failure   Level  Hunger
 Confuse                  Hex            ###.....     8%          3    None
 Confusing Touch          Hex            ###...       2%          1    None
 Metabolic Englaciation   Hex/Ice        ####......   34%         5    None
 Petrify                  Tmut/Erth      ####....     11%         4    None
 Gell's Gravitas          Tloc           ###.......   8%          3    None
 Yara's Violent Unravell  Hex/Tmut       ###.......   19%         5    None


Dungeon Overview and Level Annotations

Branches:
Dungeon (1/1)

Altars:
Cheibriados
Dithmenos
Elyvilon
Fedhas
Gozag
Hepliaklqana
Kikubaaqudgha
Makhleb
Nemelex Xobeh
Okawaru
Qazlal
Ru
Sif Muna
Trog
Uskayaw
Vehumet
Wu Jian
Xom
Yredelemnul
Zin
The Shining One
Beogh
Jiyva
Lugonu

Annotations:
D exclusion: 2 doors


Innate Abilities, Weirdness & Mutations

You evolve.


Message History

Aiming: Flame Tongue (safe; 1% risk of failure)
Press: ? - help, Shift-Dir - straight line, f/p - tyrant leech
Aim: a tyrant leech (heavily wounded, covered in liquid flames)
The flame tongue hits the tyrant leech.
The tyrant leech is heavily wounded.
The tyrant leech burns!
The tyrant leech stops burning.
The tyrant leech bites you!!
The tyrant leech draws strength from your injuries!
Unknown command.
Casting: Flame Tongue (safe; 1% risk of failure)
Confirm with . or Enter, or press ? or * to list all spells.
Aiming: Sticky Flame (safe; 1% risk of failure)
Press: ? - help, Shift-Dir - straight line, f/p - tyrant leech
Aim: a tyrant leech (moderately wounded)
The sticky flame hits the tyrant leech.
The tyrant leech is moderately wounded.
The tyrant leech is covered in liquid flames!
The tyrant leech burns!
The tyrant leech bites you!!
Ouch! That really hurt!
You die...

≈≈≈≈≈.....#...#__#...#..)≈≈'.#.'.
≈≈≈.......#+###__#...#.#≈≈≈#.#(#)
..........#.).#__#...'.#.§.#.#.#.
..........#___#__+...#.#.§.#...#.
▓▓▓▓▓▓▓▓▓▓▓▓▓▓▓▓▓▓▓▓▓▓▓▓▓▓▓▓▓▓▓▓▓
♣♣≈≈≈........≈≈≈†
+♣♣÷♣≈≈≈≈≈≈≈≈≈≈≈≈♣♣
#.≈♣♣♣♣♣♣♣♣♣♣♣♣♣♣♣♣ #.@♣ ♣ ###w♣
.# ##


You could see a tyrant leech (burning).

Vanquished Creatures
  Josephine (D)
  A centaur warrior (D)
  An unseen horror (D)
  A deep elf mage (D)
  2 spiny frogs (D)
  A komodo dragon (D)
  A queen bee (D)
  3 wandering mushrooms (D)
  A redback (D)
  A shadow (D)
  A spatial vortex (D)
  A necrophage (D)
  2 centaurs (D)
  A water elemental (D)
  A scorpion (D)
  32 killer bees (D)
  A jelly (D)
  A wizard (D)
  A necromancer (D)
  3 humans (D)
  A kobold demonologist (D)
  An ooze (D)
  3 rats (D)
62 creatures vanquished.

Vanquished Creatures (others)
  2 draconian scorchers (D)
  6 hellions (D)
  A yaktaur (D)
9 creatures vanquished.

Grand Total: 71 creatures vanquished

Notes
Turn   | Place    | Note
-------+----------+-------------------------------------------
     0 | D        | Kidiri the Deep Elf Fire Elementalist began the quest for the Orb.
     0 | D        | Reached XP level 1. HP: 10/10 MP: 6/6
     4 | D        | Reached skill level 4 in Spellcasting
    83 | D        | Killed a hellion
    90 | D        | Killed a hellion
    92 | D        | Noticed a scorpion
    96 | D        | Killed a hellion
   102 | D        | Killed a scorpion
   102 | D        | Reached skill level 7 in Spellcasting
   102 | D        | Reached skill level 5 in Fire Magic
   102 | D        | Reached XP level 2. HP: 15/15 MP: 3/12
   102 | D        | Reached XP level 3. HP: 19/19 MP: 3/13
   106 | D        | Learned a level 2 spell: Throw Flame
   110 | D        | Learned a level 3 spell: Conjure Flame
   114 | D        | Learned a level 3 spell: Inner Flame
   114 | D        | Killed a hellion
   116 | D        | Killed a hellion
   134 | D        | Gained mutation: Armour fits poorly on your strangely shaped body. [potion of mutation]
   134 | D        | Gained mutation: You evolve. [potion of mutation]
   136 | D        | Killed a hellion
   147 | D        | Killed a yaktaur
   151 | D        | Killed a white draconian scorcher
   172 | D        | Killed a white draconian scorcher
   205 | D        | Reached XP level 4. HP: 24/24 MP: 3/15
   291 | D        | Learned a level 4 spell: Sticky Flame
   318 | D        | Noticed a water elemental
   321 | D        | Killed a water elemental
   321 | D        | Reached skill level 9 in Spellcasting
   321 | D        | Reached skill level 5 in Conjurations
   364 | D        | Found a radiant altar of Vehumet.
   365 | D        | Found a deep blue altar of Sif Muna.
   365 | D        | Found an ancient bone altar of Kikubaaqudgha.
   365 | D        | Noticed a wizard
   367 | D        | Killed a wizard
   367 | D        | Reached XP level 5. HP: 23/28 MP: 14/19
   370 | D        | Reached skill level 10 in Spellcasting
   379 | D        | Became a worshipper of Vehumet
   386 | D        | Learned a level 5 spell: Fireball
   448 | D        | Found a glowing silver altar of Zin.
   449 | D        | Found a glowing golden altar of the Shining One.
   449 | D        | Found a white marble altar of Elyvilon.
   449 | D        | Noticed a deep elf mage
   458 | D        | Killed a deep elf mage
   458 | D        | Reached skill level 5 in Dodging
   458 | D        | Reached skill level 12 in Spellcasting
   458 | D        | Reached XP level 6. HP: 37/37 MP: 17/23
   458 | D        | Reached XP level 7. HP: 41/41 MP: 17/24
   494 | D        | Found a hide-covered altar of Uskayaw.
   494 | D        | Found a roughly hewn altar of Beogh.
   494 | D        | Found an iron altar of Okawaru.
   494 | D        | Found a bloodstained altar of Trog.
   494 | D        | Found an ornate altar of the Wu Jian Council.
   494 | D        | Noticed a human
   494 | D        | Noticed a human
   503 | D        | Killed a human
   509 | D        | Killed a human
   509 | D        | Reached * piety under Vehumet
   509 | D        | Offered knowledge of Magic Dart by Vehumet.
   611 | D        | Found a basalt altar of Yredelemnul.
   611 | D        | Found a shadowy altar of Dithmenos.
   611 | D        | Found a sacrificial altar of Ru.
   616 | D        | Reached skill level 13 in Spellcasting
   699 | D        | Noticed a shadow
   701 | D        | Killed a shadow
   701 | D        | Offered knowledge of Sting by Vehumet.
   701 | D        | Reached ** piety under Vehumet
   701 | D        | Reached XP level 8. HP: 48/48 MP: 19/27
   734 | D        | Found a blossoming altar of Fedhas.
   734 | D        | Found a stormy altar of Qazlal.
   734 | D        | Found a snail-covered altar of Cheibriados.
   734 | D        | Found a burning altar of Makhleb.
   734 | D        | Found a shimmering altar of Xom.
   735 | D        | Found a hazy altar of Hepliaklqana.
   735 | D        | Found an opulent altar of Gozag.
   735 | D        | Found a sparkling altar of Nemelex Xobeh.
   735 | D        | Found a corrupted altar of Lugonu.
   735 | D        | Found a viscous altar of Jiyva.
   808 | D        | Noticed Josephine
   815 | D        | Killed Josephine
   815 | D        | Reached skill level 5 in Unarmed Combat
   815 | D        | Reached skill level 14 in Spellcasting
   815 | D        | Reached XP level 9. HP: 46/53 MP: 12/29
  1077 | D        | Noticed a centaur warrior
  1078 | D        | Offered knowledge of Ignite Poison by Vehumet.
  1078 | D        | Reached *** piety under Vehumet
  1078 | D        | Reached skill level 5 in Fighting
  1080 | D        | Reached skill level 5 in Armour
  1080 | D        | Killed a centaur warrior
  1080 | D        | Reached skill level 15 in Spellcasting
  1080 | D        | Reached skill level 10 in Fire Magic
  1127 | D        | Learned a level 3 spell: Ignite Poison
  1163 | D        | Noticed an unseen horror
  1168 | D        | Killed an unseen horror
  1168 | D        | Offered knowledge of Stone Arrow by Vehumet.
  1168 | D        | Reached skill level 1 in Poison Magic
  1173 | D        | Learned a level 3 spell: Stone Arrow
  1225 | D        | Noticed a queen bee
  1228 | D        | Reached **** piety under Vehumet
  1228 | D        | Offered knowledge of Throw Icicle by Vehumet.
  1234 | D        | Learned a level 4 spell: Throw Icicle
  1244 | D        | Killed a queen bee
  1244 | D        | Reached skill level 1 in Earth Magic
  1249 | D        | Reached ***** piety under Vehumet
  1249 | D        | Offered knowledge of Lee's Rapid Deconstruction by Vehumet.
  1249 | D        | Reached skill level 10 in Conjurations
  1249 | D        | Reached XP level 10. HP: 29/60 MP: 8/31
  1411 | D        | Learned a level 5 spell: Lee's Rapid Deconstruction
  1414 | D        | Reached skill level 16 in Spellcasting
  1423 | D        | Offered knowledge of Olgreb's Toxic Radiance by Vehumet.
  1423 | D        | Reached skill level 1 in Ice Magic
  1442 | D        | Reached ****** piety under Vehumet
  1522 | D        | Learned a level 4 spell: Olgreb's Toxic Radiance
  1535 | D        | Offered knowledge of Irradiate by Vehumet.
  1660 | D        | Noticed a spiny frog
  1660 | D        | Noticed a spiny frog
  1665 | D        | Killed a spiny frog
  1678 | D        | Killed a spiny frog
  1689 | D        | Reached skill level 10 in Dodging
  1857 | D        | Lost mutation: Armour fits poorly on your strangely shaped body. [evolution]
  1864 | D        | Demolished by a tyrant leech

Vault maps used:
D:        dungeon_sprint_mu

Skill      XL: |  1  2  3  4  5  6  7  8  9 10 |
---------------+-------------------------------+-----
Spellcasting   | 7 9 12 13 14 15 16 | 16.9
Conjurations   | 3 4 5 7 8 9 10 | 10.6
Fire Magic     | 5 6 8 9 10 11 | 11.2
Fighting       | 3 4 6 |  6.8
Armour         | 2 3 4 5 6 |  6.7
Dodging        | 5 6 7 9 10 | 10.0
Unarmed Combat | 2 4 5 6 |  6.7
Poison Magic   | 2 4 |  4.6
Earth Magic    | 1 4 |  4.1
Ice Magic      | 3 |  3.5
Stealth        | |  2.4

Action                   |  1- 3 |  4- 6 |  7- 9 | 10-12 || total
-------------------------+-------+-------+-------+-------++-------
Melee: Unarmed           |       |     1 |     1 |       ||     2
 Cast: Flame Tongue      |    20 |     4 |    40 |    46 ||   110
       Sticky Flame      |       |     3 |     7 |     7 ||    17
       Conjure Flame     |       |     1 |     3 |     2 ||     6
       Inner Flame       |       |       |     6 |     8 ||    14
       Fireball          |       |       |     6 |       ||     6
       Throw Flame       |       |       |       |     1 ||     1
       Ignite Poison     |       |       |       |     1 ||     1
  Use: Scroll            |     5 |       |       |     1 ||     6
       Potion            |     3 |       |       |     1 ||     4
 Stab: Sleeping          |       |       |     1 |       ||     1
  Eat: Chunk             |       |       |     1 |     1 ||     2
       Ration            |       |       |       |     1 ||     1
Armor: Robe              |       |       |     1 |       ||     1
Dodge: Dodged            |     8 |     1 |    15 |    11 ||    35

Table legend:
 A = Spawn XP
 B = Non-spawn XP
 C = Spawn XP percentage of total XP
 D = Spawn monster count
 E = Non-spawn monster count
 F = Spawn count percentage of total count
 G = Total turns spent on level
                    A         B        C        D         E        F      G
               +---------+---------+-------+---------+---------+-------+---------
         Total |       0 |    9419 |   0.0 |       0 |      62 |   0.0 |  1864
               +---------+---------+-------+---------+---------+-------+---------
             D |       0 |    9419 |   0.0 |       0 |      62 |   0.0 |  1864
               +---------+---------+-------+---------+---------+-------+---------
